 Dungeon Crawl Stone Soup version 0.31-a0-233-g139696dc86 (webtiles) character file.

Game seed: 14311815288424342356

4 Iniera the Sneak (level 1, -4/13 HPs)
             Began as a Vampire Venom Mage on July 9, 2023.
             Slain by a gnoll
             ... wielding a +1 spear of pain
              (5 damage)
             ... on level 1 of the Dungeon.
             The game lasted 00:00:10 (53 turns).

Iniera the Sneak (Vampire Venom Mage)                 Turns: 53, Time: 00:00:10

Health: -4/13      AC:  2    Str:  7    XL:     1   Next: 50%
Magic:  0/3        EV: 12    Int: 17    God:
Gold:   6          SH:  0    Dex: 14    Spells: 3/4 levels left

rFire   . . .        (no weapon)
rCold   . . .        (no shield)
rNeg    . . .        a - +0 robe
rPois   .            (no helmet)
rElec   .            (no cloak)
rCorr   .            (no gloves)
SInv    +            (no boots)
Will    .....        (no amulet)
Stlth   ++           (no ring)
HPRegen 0.42/turn    (no ring)
MPRegen 0.08/turn

%: no passive effects
@: healing quickly
A: alive, fangs 3, see invisible, vampiric 1
a: Exsanguinate


You were on level 1 of the Dungeon.
You visited 1 branch of the dungeon, and saw 1 of its levels.

You collected 6 gold pieces.

Inventory:

Armour
 a - a +0 robe (worn)
Scrolls
 c - a scroll of identify {unknown}
Potions
 b - a potion of magic


   Skills:
 - Level 2.1 Dodging
 - Level 3.0 Stealth
 + Level 2.1 Spellcasting
 + Level 1.3 Transmutations
 + Level 2.7 Poison Magic


You had 3 spell levels left.
You knew the following spells:

 Your Spells              Type           Power      Damage    Failure   Level
a - Sting                 Tmut/Pois      32%        1d4       9%          1

Your spell library contained the following spells:

 Spells                   Type           Power      Damage    Failure   Level
 Poisonous Vapours        Pois/Air       12%        N/A       16%         2
 Mephitic Cloud           Conj/Pois/Air  4%         N/A       36%         3
 Olgreb's Toxic Radiance  Pois           11%        N/A       52%         4


Dungeon Overview and Level Annotations

Branches:
Dungeon (1/15)

Altars:


Innate Abilities, Weirdness & Mutations

Your natural rate of healing is accelerated.
You have razor-sharp teeth.
You have supernaturally acute eyesight. (SInv)
You are afflicted with vampirism.


Message History

The quokka closely misses you.
You barely miss the quokka.
The quokka is lightly wounded.
The quokka closely misses you.
You closely miss the quokka.
The quokka is lightly wounded.
The quokka barely misses you.
You hit the quokka but do no damage.
The quokka is lightly wounded.
The quokka closely misses you.
You hit the quokka but do no damage.
The quokka is lightly wounded.
The quokka closely misses you. The quokka completely misses you.
Aiming: Sting (safe; 9% risk of failure)
Press: ? - help, Q - select action Shift-Dir - straight line, f - quokka
Aim: a quokka (lightly wounded, 56% to hit)
The sting misses the quokka.
The sting hits the goblin.
The goblin is poisoned.
The goblin is heavily wounded.
The quokka bites you. The gnoll barely misses you.
Unknown command.
You hit the quokka.
The quokka is moderately wounded.
The quokka twitches its whiskers.
The quokka bites you.
The gnoll hits you from afar with a +1 spear of pain.
You kill the goblin!
The quokka twitches its whiskers.
The quokka completely misses you. The quokka attacks as you move away!
The quokka bites you.
* * * LOW HITPOINT WARNING * * *
Aiming: Sting (safe; 9% risk of failure)
Press: ? - help, Q - select action Shift-Dir - straight line, f/p - quokka
Aim: a quokka (moderately wounded, 56% to hit)
The sting hits the quokka but does no damage.
The quokka is poisoned.
The quokka is moderately wounded.
The bat barely misses you. The quokka bites you.
* * * LOW HITPOINT WARNING * * *
The gnoll hits you from afar with a +1 spear of pain.
You die...

#####.## ###..#
#####......#
#)..##
##..........#
#.###
##..≈≈≈≈≈≈≈..###K#
#..≈≈.♣...≈≈.....#
..≈≈.......≈≈...##
.≈≈....<.8..≈≈.g##
.≈..8.....♣..≈.r.#
.≈.....).....≈b@.#
.≈≈.........≈≈...#
..≈≈....8..≈≈....#
...≈≈....♣≈≈.....#
#...≈≈≈.≈≈≈......#
##...............#
##..........#####
#...........#
#...........##


You could see a gnoll, a quokka (poisoned), a bat and a kobold.

Vanquished Creatures
  A dart slug (D:1)
  A goblin (D:1)
2 creatures vanquished.

Notes
Turn   | Place    | Note
-------+----------+-------------------------------------------
     0 | D:1      | Iniera the Vampire Venom Mage began the quest for the Orb.
     0 | D:1      | Reached XP level 1. HP: 13/13 MP: 3/3
    53 | D:1      | Slain by a gnoll

Illustrated notes

Levels and vault maps discovered:
D:1:      moated_graveyard_arrival, layout_rooms, minmay_misc_feat_four_crosses

Action                     || total
---------------------------++-------
  Melee: Unarmed           ||    16
   Cast: Sting             ||     5
 Armour: Robe              ||     1
  Dodge: Dodged            ||    20

Table legend: (Time is in decaauts)
 A = Elapsed time spent in this place.
 B = Non-inter-level travel time spent in this place.
 C = Inter-level travel time spent in this place.
 D = Time resting spent in this place.
 E = Time spent auto-exploring this place.
 F = Levels seen in this place.
 G = Mean time per level.
                   A        B        C        D        E       F      G
               +--------+--------+--------+--------+--------+-----+--------+
         Total |     53 |     53 |      0 |      0 |     21 |   1 |   53.0 |
       Dungeon |     53 |     53 |      0 |      0 |     21 |   1 |   53.0 |
               +--------+--------+--------+--------+--------+-----+--------+

Top non-repeatable levels by time:
     D:1: 53 daAuts
